 Dungeon Crawl Stone Soup version 0.20.1-1-g8b1a95d (console) character file.

76 bli the Skirmisher (level 4, 0/37 HPs)
             Began as a Formicid Abyssal Knight on Aug 15, 2017.
             Was a Follower of Lugonu.
             Slain by a hobgoblin
             ... wielding a +0 club
              (3 damage)
             ... on level 3 of the Dungeon.
             The game lasted 00:04:33 (1929 turns).

bli the Skirmisher (Formicid Abyssal Knight)        Turns: 1929, Time: 00:04:33

Health: 0/37       AC:  3    Str: 16    XL:     4   Next: 57%
Magic:  5/5        EV: 11    Int: 12    God:    Lugonu [*.....]
Gold:   109        SH:  0    Dex: 11    Spells: 3/3 levels left

rFire    . . .     SeeInvis +   n - +1 dagger (venom)
rCold    . . .     Gourm    .   (no shield)
rNeg     . . .     Faith    .   g - +0 leather armour
rPois    +         Spirit   .   (helmet unavailable)
rElec    .         Reflect  .   (no cloak)
rCorr    .         Harm     .   (no gloves)
MR       .....                  (no boots)
Stlth    +.........             (no amulet)
Regen    0.2/turn               j - ring of wizardry
MPRegen  0.1/turn               s - ring of poison resistance

@: no status effects
A: permanent stasis, dig shafts and tunnels, four strong arms, antennae 3
a: Dig, Shaft Self, Depart the Abyss, Renounce Religion


You were on level 3 of the Dungeon.
You worshipped Lugonu.
Lugonu was aware of your devotion.
You were not hungry.

You visited 1 branch of the dungeon, and saw 3 of its levels.
You visited the Abyss 1 time.

You collected 109 gold pieces.

Inventory:

Hand Weapons
 a - a +1 dagger of venom
 b - a +1 short sword
 n - a +1 dagger of venom (weapon)
Missiles
 k - 12 stones (quivered)
Armour
 g - a +0 leather armour (worn)
Jewellery
 j - a ring of wizardry (left hand)
 s - a ring of poison resistance (right hand)
Scrolls
 d - a scroll of remove curse {unknown}
 e - 2 scrolls of identify {unknown}
 h - 2 scrolls of recharging {unknown}
 m - a scroll of enchant weapon {unknown}
 o - a scroll of teleportation {unknown}
 p - a scroll of noise {unknown}
 r - a scroll of magic mapping {unknown}
Potions
 i - a potion of resistance {unknown}
 q - a potion of berserk rage {unknown}
Comestibles
 c - 2 bread rations
 f - 2 meat rations
 l - a chunk of flesh


   Skills:
 + Level 4.0 Fighting
 * Level 2.8 Short Blades
 + Level 2.8 Armour
 + Level 1.1 Dodging
 * Level 1.6 Stealth
 + Level 2.5 Invocations


You had 3 spell levels left.
You didn't know any spells.

Dungeon Overview and Level Annotations

Branches:
Dungeon (3/15)

Altars:

Annotations:
D:2 Sigmund
D:3 ThereIsNoGod's ghost, amateur SpEE


Innate Abilities, Weirdness & Mutations

You cannot be hasted, slowed, berserked, paralysed or teleported.
You can dig through walls and to a lower floor.
Your four strong arms can wield two-handed weapons with a shield.
You have a pair of large antennae on your head. (SInv)


Message History

* * * LOW HITPOINT WARNING * * *
You hit Terence but do no damage.
Terence looks as sick as possible!
Terence is almost dead.
Terence barely misses you.
You kill Terence!
Lugonu accepts your kill. Sigmund gestures at you while chanting.
You resist with some effort.
Sigmund points at you and mumbles some strange words.
You resist with some effort.
There is an escape hatch in the floor here.
You slide downwards.
The hatch slams shut behind you.
A hobgoblin comes into view. It is wielding a club.
The hobgoblin shouts!
The hobgoblin hits you with a club.
* * * LOW HITPOINT WARNING * * *
ThereIsNoGod's ghost (amateur Spriggan Earth Elementalist) comes into view.
You completely miss the hobgoblin. The hobgoblin hits you with a club.
You die...

###
...
#.#
#.#
#W#
#g#
#@#
#.#
#.#
..#
###


You could see ThereIsNoGod's ghost and a hobgoblin.

Vanquished Creatures
  Terence (D:2)
  An adder (D:2)
  2 worms (D:2)
  2 dart slugs (D:1)
  A leopard gecko (D:2)
  4 bats
  2 goblins (D:1)
  8 hobgoblins
  A ball python (D:2)
  2 frilled lizards (D:1)
  5 kobolds (D:1)
  2 rats (D:1)
31 creatures vanquished.

Vanquished Creatures (others)
  A dart slug (D:3)
1 creature vanquished.

Grand Total: 32 creatures vanquished

Notes
Turn   | Place    | Note
-------+----------+-------------------------------------------
     0 | Abyss:1  | bli the Formicid Abyssal Knight began the quest for the Orb.
     0 | Abyss:1  | Reached XP level 1. HP: 18/18 MP: 2/2
    57 | Abyss:1  | Found a corrupted altar of Lugonu.
    73 | Abyss:1  | Noticed a raiju
    74 | D:1      | Escaped the Abyss
   458 | D:1      | Reached XP level 2. HP: 20/24 MP: 3/3
   535 | D:1      | Reached skill level 1 in Stealth
   885 | D:1      | Reached * piety under Lugonu
   885 | D:1      | Reached skill level 1 in Dodging
  1251 | D:1      | Reached XP level 3. HP: 30/30 MP: 4/4
  1487 | D:1      | Reached skill level 4 in Fighting
  1700 | D:2      | Reached XP level 4. HP: 21/37 MP: 5/5
  1880 | D:2      | Noticed Terence
  1883 | D:2      | Noticed Sigmund
  1917 | D:2      | Killed Terence
  1927 | D:3      | Noticed ThereIsNoGod's ghost (amateur SpEE)
  1929 | D:3      | Slain by a hobgoblin

Skill      XL: |  1  2  3 |
---------------+----------+-----
Stealth        | 1 |  1.6
Dodging        | 1 |  1.1
Fighting       | 4 |  4.0
Short Blades   | |  2.8
Armour         | |  2.8
Invocations    | |  2.5

Action                   |  1- 3 |  4- 6 || total
-------------------------+-------+-------++-------
Melee: Short sword       |    61 |       ||    61
       Dagger            |    35 |    18 ||    53
Invok: Depart the Abyss  |     1 |       ||     1
 Abil: Dig               |     1 |       ||     1
 Stab: Sleeping          |     2 |       ||     2
  Eat: Chunk             |     2 |     1 ||     3
Armor: Leather armour    |     9 |     5 ||    14
Dodge: Dodged            |    45 |    17 ||    62
